Map: King's Cove LE

Players

SWErdnase

  • Race: Protoss Protoss
  • League: Grandmaster
  • Spawn Location: 5:00

Railgan - Winner!

  • Race: Zerg Zerg
  • League: Grandmaster
  • Spawn Location: 11:00

VOD

https://www.youtube.com/watch?v=G__XKV-kNYE

Description

Time

  • Played on: May 2, 2019, 1:28 p.m.
  • Length: 4:30
Show
View Real Time Build Order
Export as new Build Order

SWErdnase Protoss 

Build Orders:  

Get SALT Encoding   

  12  0:00  Probe  
  13  0:12  Probe  
  14  0:19  Pylon  
  14  0:24  Probe  
  15  0:33  Probe  
  15  0:41  Probe  
  16  0:42  Gateway  
  16  0:49  Assimilator  
  17  0:52  Probe  
  18  1:04  Probe  
  18  1:07  Pylon  
  19  1:16  Probe  
  20  1:26  Gateway  
  20  1:28  Probe  
  20  1:30  Cybernetics Core  
  20  1:31  Zealot  
  23  1:41  Pylon  
  23  1:56  Assimilator  
  23  1:57  Stalker  
  23  1:59  Probe  
  25  2:12  Probe  
  25  2:14  Shield Battery  
  26  2:21  Sentry  
  28  2:36  Probe  
  29  2:39  Warp Gate  
  29  2:45  Nexus  
  29  2:49  Probe  
  30  3:00  Robotics Facility  
  30  3:16  Pylon  
  30  3:24  Adept x2  
  30  3:30  Probe  
  35  3:42  Probe, Pylon  
Show
View Real Time Build Order
Export as new Build Order

Railgan Zerg - Winner!

Build Orders: Pool Only 

Get SALT Encoding   

  12  0:00  Drone  
  13  0:14  Extractor  
  12  0:25  Spawning Pool  
  11  0:29  Drone  
  11  0:34  Drone  
  13  0:41  Drone  
  14  0:51  Overlord  
  14  1:12  Zergling x6  
  17  1:20  Queen  
  19  1:29  Metabolic Boost  
  19  1:36  Drone  
  19  1:39  Zergling x2  
  21  2:00  Lair  
  21  2:02  Overlord  
  21  2:12  Zergling x2  
  22  2:23  Zergling x4  
  23  2:34  Zergling x2  
  23  2:35  Zergling x6  
  27  2:47  Zergling x2  
  28  2:59  Nydus Network, Overlord  
  27  3:14  Zergling x6  
  30  3:27  Zergling x2  
  31  3:37  Nydus Canal  
  31  3:38  Zergling x2  
  31  3:39  Zergling x4  
  34  3:52  Zergling x2  
  34  3:53  Zergling x2  
  35  4:03  Nydus Canal  
  35  4:04  Zergling x2  
Tags
 
Add a new tag
Caveats
  • Supply blocks, unpowered buildings, or Contaminate may cause inaccurate times.
  • Supply counts are checked every 10 seconds.